 Dungeon Crawl Stone Soup version 0.29.1-1-gd02db6906a (webtiles) character file.

Game seed: 6815014493073120661

28 raistware the Conjurer (level 3, -6/21 HPs)
             Began as an Octopode Conjurer on Oct 3, 2022.
             Killed from afar by Sigmund (11 damage)
             ... with a puff of flame
             ... on level 2 of the Dungeon.
             The game lasted 00:02:37 (1591 turns).

raistware the Conjurer (Octopode Conjurer)          Turns: 1591, Time: 00:02:38

Health: -6/21      AC:  1    Str:  6    XL:     3   Next: 14%
Magic:  7/7        EV: 13    Int: 22    God:
Gold:   78         SH:  0    Dex: 10    Spells: 7/8 levels left

rFire   . . .      SeeInvis .   f - +0 quarterstaff
rCold   . . .      Faith    .   (shield currently unavailable)
rNeg    . . .      Spirit   .   (helmet restricted)
rPois   .          Reflect  .   (no amulet)
rElec   .          Harm     .   (no ring)
rCorr   .          Rampage  .   (no ring)
Will    .....                   (no ring)
Stlth   +++.......              (no ring)
HPRegen 0.07/turn               (no ring)
MPRegen 0.10/turn               (no ring)
                                (no ring)
                                (no ring)

@: about to teleport
A: almost no armour, amphibious, 8 rings, camouflage 1, gelatinous body 1,
(nimble swimmer 1), tentacles
a: no special abilities


You were on level 2 of the Dungeon.
You visited 1 branch of the dungeon, and saw 2 of its levels.

You collected 78 gold pieces.

Inventory:

Hand Weapons
 f - a +0 quarterstaff (weapon)
Wands
 g - a wand of flame (18)
Scrolls
 c - a scroll of magic mapping
 d - a scroll of identify {unknown}
 e - a scroll of teleportation
 i - a scroll of butterflies {unknown}
Potions
 a - a potion of magic


   Skills:
 - Level 2.0 Dodging
 - Level 2.6 Stealth
 + Level 3.3 Spellcasting
 - Level 4.0 Conjurations


You had 7 spell levels left.
You knew the following spells:

 Your Spells              Type           Power      Damage    Failure   Level
a - Magic Dart            Conj           84%        1d7       2%          1

Your spell library contained the following spells:

 Spells                   Type           Power      Damage    Failure   Level
 Searing Ray              Conj           42%        2d6       3%          2
 Dazzling Flash           Conj/Hex       24%        N/A       16%         3
 Ensorcelled Hibernation  Hex/Ice        6%         N/A       19%         2
 Spider Form              Tmut/Pois      3%         N/A       34%         3
 Fulminant Prism          Conj/Hex       6%         3d7       45%         4
 Iskenderun's Mystic Bla  Conj/Tloc      12%        2d5       45%         4
 Anguish                  Hex/Necr       1%         N/A       75%         4


Dungeon Overview and Level Annotations

Branches:
Dungeon (2/15)

Altars:

Annotations:
D:2 Sigmund


Innate Abilities, Weirdness & Mutations

You cannot wear most types of armour.
You are amphibious.
You can wear up to eight rings at the same time.
Your skin changes colour to match your surroundings (Stealth+).
Your rubbery body absorbs attacks. (AC +1, EV +1)
((You are camouflaged when in or above water. (Stealth+)))
You have tentacles for arms and can constrict up to eight enemies at once.


Message History

The magic dart hits the goblin.
You kill the goblin!
i - a scroll labelled BUTEWA VESK A kobold comes into view.
It is wielding a +0 short sword.
You see here a +0 pair of boots.
The magic dart hits the kobold.
You kill the kobold!
You can't see any susceptible monsters within range! (Use Z to cast anyway.)
There is a stone staircase leading down here.
Sigmund the Dreaded comes into view.
He is wielding a +0 scythe and wearing a +2 robe of cold resistance.
Sigmund points at you and mumbles some strange words.
You are confused.
Sigmund laughs darkly.
It was a potion of might.
You feel very mighty all of a sudden.
It was a potion of cancellation.
Your magical effects are unravelling.
You feel magically purged.
You feel less confused.
You feel a little less mighty now. Sigmund casts a spell at you.
You are confused.
Sigmund hits you with a +0 scythe.
You miss Sigmund. Your squeeze misses Sigmund.
Sigmund hits you with a +0 scythe!
Ouch! That really hurt!
* * * LOW HITPOINT WARNING * * *
Okay, then.
You bump into the rock wall.
Sigmund closely misses you.
You are too confused!
Unknown command.
You feel less confused.
As you read the scroll labelled ZIRARU ZEIF, it crumbles to dust.
You feel aware of your surroundings.
You sensed 1 altar.
It was a scroll of magic mapping.
Sigmund barely misses you.
As you read the scroll labelled CEHAYS EFYBBU, it crumbles to dust.
You feel strangely unstable.
It was a scroll of teleportation.
Sigmund points at you and mumbles some strange words.
The puff of flame hits you!
Ouch! That really hurt!
You die...

*.........#.#
*.........#.#
*.........#.#
*###......#.# #......#.#
####......#.#
.≈..........#
.≈........#.###### ***
~≈..........♣...@#****,*
.≈...........@♣♣♣♣*,**,*
.≈...#.....♣.♣♣***,***,*
.≈...#......♣♣,,,**,**,*
#≈####......,*,*,*,_**,*
###**#####..,*,*,,,**,,*
#*,,,,,,,...,*,***,*,,,**
#,,,,,,,....,**,****,*,,*
#,,,,,,.....*,,*,* ***,,*


You could see Sigmund.

Vanquished Creatures
  A dart slug (D:1)
  2 bats (D:1)
  5 endoplasms (D:1)
  3 giant cockroaches
  3 goblins
  A hobgoblin (D:1)
  2 quokkas
  A ball python (D:1)
  A frilled lizard (D:1)
  2 kobolds (D:2)
  2 rats (D:1)
23 creatures vanquished.

Notes
Turn   | Place    | Note
-------+----------+-------------------------------------------
     0 | D:1      | raistware the Octopode Conjurer began the quest for the
                  | Orb.
     0 | D:1      | Reached XP level 1. HP: 11/11 MP: 3/3
   187 | D:1      | Reached XP level 2. HP: 10/17 MP: 2/5
  1335 | D:2      | Reached XP level 3. HP: 21/21 MP: 5/7
  1575 | D:2      | Noticed Sigmund
  1591 | D:2      | Killed from afar by Sigmund

Illustrated notes

Levels and vault maps discovered:
D:1:      wander_arrival_fairy_ring, layout_basic,
          nicolae_concentric_dashed_squares_wild,
          nicolae_kite_square_tiling_tiny
D:2:      layout_basic, chequers_ecumenical_altar_grove, hex_intersection,
          chequers_serial_rivers_micro_e, dk_vineyard_2, uniq_sigmund,
          uniq_natasha

Skill      XL: |  1  2 |
---------------+-------+-----
Spellcasting   | 3 |  3.3
Dodging        | |  2.0
Stealth        | |  2.6
Conjurations   | |  4.0

Action                   || total
-------------------------++-------
Melee: Quarterstaff      ||     1
 Cast: Magic Dart        ||    44
  Use: Scroll            ||     2
       Potion            ||     2
Dodge: Dodged            ||     5
